[ AOE2 MATCH · #481532347 ]
UnrankedBerbers vs Spanish
[ REPLAY ANALYSIS · EXTRACTED FROM THE RECORDED GAME ]
Feudal
13:31
Castle
17:02
Imperial
—
| APM avg | 33.5 |
| APM peak | 60 |
| eAPM avg | 13.5 |
| Villagers / military | 60 / 26 |
Focus
⚔️ 28.4% · 🌾 71.6%
Camel Archer ×22 · Fishing Ship ×10 · Battering Ram ×4
Feudal
12:39
Castle
17:24
Imperial
—
| APM avg | 22.7 |
| APM peak | 61 |
| eAPM avg | 11.5 |
| Villagers / military | 35 / 8 |
Focus
⚔️ 26.5% · 🌾 73.5%
Conquistador ×8
Feudal
15:55
Castle
19:19
Imperial
—
| APM avg | 38.9 |
| APM peak | 63 |
| eAPM avg | 23.3 |
| Villagers / military | 128 / 26 |
Focus
⚔️ 24.6% · 🌾 75.4%
Knight ×23 · Fishing Ship ×21 · Battering Ram ×3
Feudal
15:07
Castle
18:39
Imperial
—
| APM avg | 18.5 |
| APM peak | 53 |
| eAPM avg | 12.7 |
| Villagers / military | 59 / 13 |
Focus
⚔️ 18.8% · 🌾 81.2%
Chu Ko Nu ×13 · Fishing Ship ×12 · Unknown (2626) ×1
Feudal
13:18
Castle
25:41
Imperial
—
| APM avg | 56.4 |
| APM peak | 104 |
| eAPM avg | 14.2 |
| Villagers / military | 55 / 39 |
Focus
⚔️ 34.4% · 🌾 65.6%
Archer ×36 · Fishing Ship ×6 · Mangonel ×3
Feudal
15:35
Castle
22:45
Imperial
—
| APM avg | 27.0 |
| APM peak | 70 |
| eAPM avg | 12.6 |
| Villagers / military | 33 / 2 |
Focus
⚔️ 20.1% · 🌾 79.9%
Fishing Ship ×11 · Fire Galley ×2 · Unknown (2626) ×2
Feudal
13:45
Castle
17:19
Imperial
27:39
| APM avg | 44.7 |
| APM peak | 92 |
| eAPM avg | 26.2 |
| Villagers / military | 85 / 26 |
Focus
⚔️ 34.1% · 🌾 65.9%
Rattan Archer ×26 · Fishing Ship ×11
Feudal
12:34
Castle
23:44
Imperial
—
| APM avg | 44.0 |
| APM peak | 75 |
| eAPM avg | 22.0 |
| Villagers / military | 56 / 59 |
Focus
⚔️ 22.0% · 🌾 78.0%
Archer ×56 · Fishing Ship ×6 · Mangonel ×3
Match map
Initial resources + every placement click. Lines = walls · curves = elevation contours. ◆ gold · ⬟ stone · ● berries · ✦ relic · ◌ wall gap
Your base· Open — unwalled flank
time0wner's base· Open — 13t gap
晚辞's base· Open — unwalled flank
Darth Yoda's base· Open — 13t gap
雀巢阿帆's base· Open — unwalled flank
inPast's base· Open — 8t gap
shenxu's base· Open — 9t gap
Dampflok's base· Open — unwalled flank
Smoothed initial terrain · ◌ = detected wall gap · hover for details
Inputs per minute
— nono - - time0wner
Build order — nono
137 actions detected in the replay
| 0:11 | Build | House |
| 0:15 | Build | Town Center |
| 1:08 | Build | Dock |
| 2:36 | Create | Villager (Male) |
| 2:37 | Create | Villager (Male) |
| 2:37 | Create | Villager (Male) |
| 2:37 | Create | Villager (Male) |
| 2:37 | Create | Villager (Male) |
| 3:43 | Create | Villager (Male) |
| 3:49 | Create | Fishing Ship |
| 4:08 | Build | House |
| 4:46 | Create | Villager (Male) |
| 4:46 | Create | Villager (Male) |
| 4:46 | Create | Villager (Male) |
| 5:12 | Create | Villager (Male) |
| 5:12 | Create | Villager (Male) |
| 5:18 | Create | Fishing Ship |
| 5:39 | Create | Villager (Male) |
| 5:39 | Create | Villager (Male) |
| 5:54 | Build | House |
| 6:10 | Create | Villager (Male) |
| 6:10 | Create | Villager (Male) |
| 6:30 | Create | Villager (Male) |
| 6:30 | Create | Villager (Male) |
| 6:30 | Create | Villager (Male) |
| 6:34 | Create | Fishing Ship |
| 6:47 | Create | Villager (Male) |
| 6:47 | Create | Villager (Male) |
| 6:52 | Build | House |
| 7:00 | Build | House |
| 7:03 | Create | Villager (Male) |
| 7:04 | Create | Villager (Male) |
| 7:17 | Create | Villager (Male) |
| 7:19 | Build | House |
| 7:23 | Build | Palisade Wall |
| 7:33 | Create | Villager (Male) |
| 7:33 | Create | Villager (Male) |
| 7:51 | Create | Villager (Male) |
| 7:51 | Create | Villager (Male) |
| 7:55 | Create | Fishing Ship |
| 8:14 | Create | Villager (Male) |
| 8:14 | Create | Villager (Male) |
| 8:17 | Create | Fishing Ship |
| 8:40 | Build | House |
| 8:47 | Create | Villager (Male) |
| 8:47 | Create | Villager (Male) |
| 8:47 | Create | Villager (Male) |
| 8:55 | Create | Fishing Ship |
| 9:28 | Create | Fishing Ship |
| 9:47 | Create | Fishing Ship |
| 10:00 | Build | House |
| 10:08 | Build | Outpost |
| 10:16 | Create | Villager (Male) |
| 10:17 | Create | Villager (Male) |
| 10:17 | Create | Villager (Male) |
| 10:17 | Create | Villager (Male) |
| 10:31 | Build | Mill |
| 10:45 | Build | Mining Camp |
| 11:21 | Research | Feudal Age |
| 11:53 | Build | Mining Camp |
| 11:56 | Research | Loom |
| 11:57 | Create | Villager (Male) |
| 13:31 | Age | Feudal Age |
| 13:33 | Build | Market |
| 13:35 | Build | Blacksmith |
| 13:49 | Build | House |
| 13:53 | Build | Stone Wall |
| 14:22 | Research | Castle Age |
| 14:34 | Build | Lumber Camp |
| 14:55 | Research | Double-Bit Axe |
| 15:11 | Research | Town Watch |
| 15:42 | Build | Barracks |
| 16:07 | Research | Fletching |
| 16:18 | Build | House |
| 16:21 | Build | Stone Wall |
| 17:02 | Age | Castle Age |
| 17:05 | Build | Castle |
| 17:21 | Research | Wheelbarrow |
| 18:00 | Research | Bodkin Arrow |
| 18:02 | Research | Bow Saw |
| 18:41 | Create | Villager (Male) |
| 18:41 | Create | Villager (Male) |
| 18:56 | Create | Camel Archer ×2 |
| 19:01 | Build | House |
| 20:26 | Create | Villager (Male) ×5 |
| 20:38 | Build | Town Center |
| 21:14 | Create | Camel Archer ×2 |
| 21:26 | Create | Villager (Male) |
| 21:27 | Create | Villager (Male) |
| 21:33 | Create | Camel Archer |
| 21:59 | Build | Mining Camp |
| 22:02 | Create | Camel Archer |
| 22:02 | Create | Camel Archer |
| 22:13 | Build | Mining Camp |
| 22:32 | Create | Villager (Male) |
| 22:35 | Create | Camel Archer |
| 22:48 | Build | Stable |
| 22:58 | Build | Siege Workshop |
| 23:01 | Create | Villager (Male) |
| 23:02 | Create | Villager (Male) |
| 23:29 | Create | Villager (Male) |
| 23:36 | Build | Farm |
| 23:37 | Build | Farm |
| 23:47 | Create | Battering Ram |
| 24:07 | Create | Camel Archer ×2 |
| 24:38 | Create | Camel Archer |
| 24:38 | Create | Camel Archer |
| 25:17 | Build | Dock |
| 25:26 | Create | Villager (Male) |
| 25:53 | Create | Camel Archer ×3 |
| 26:03 | Build | Farm |
| 26:04 | Build | Farm |
| 26:04 | Build | Farm |
| 26:10 | Create | Villager (Male) |
| 26:50 | Create | Camel Archer ×2 |
| 27:01 | Create | Battering Ram |
| 27:12 | Create | Villager (Male) |
| 27:33 | Create | Villager (Male) |
| 27:36 | Create | Battering Ram |
| 27:54 | Create | Camel Archer |
| 27:57 | Create | Battering Ram |
| 28:01 | Build | Castle |
| 28:05 | Build | Mining Camp |
| 28:12 | Create | Villager (Male) |
| 28:17 | Build | Farm |
| 28:18 | Build | Farm |
| 28:38 | Create | Villager (Male) |
| 28:50 | Create | Villager (Male) |
| 29:19 | Create | Villager (Male) |
| 29:34 | Build | Dock |
| 29:46 | Research | Horse Collar |
| 29:59 | Create | Villager (Male) |
| 30:06 | Create | Camel Archer ×4 |
| 30:23 | Research | Tech 906 |
| 30:24 | Create | Fishing Ship |
| 30:24 | Create | Fishing Ship |
| 30:51 | Create | Villager (Male) |
Build order — time0wner
60 actions detected in the replay
| 0:05 | Build | Town Center |
| 2:42 | Create | Villager (Male) ×4 |
| 2:42 | Create | Villager (Male) ×4 |
| 2:55 | Build | House |
| 3:02 | Research | Loom |
| 3:03 | Create | Villager (Male) |
| 3:03 | Create | Villager (Male) |
| 3:03 | Create | Villager (Male) |
| 4:00 | Create | Villager (Male) |
| 4:01 | Create | Villager (Male) |
| 4:15 | Build | Mill |
| 5:03 | Create | Villager (Male) |
| 5:03 | Create | Villager (Male) |
| 5:03 | Create | Villager (Male) |
| 5:16 | Build | House |
| 6:00 | Create | Villager (Male) |
| 6:00 | Create | Villager (Male) |
| 6:25 | Create | Villager (Male) |
| 6:55 | Create | Villager (Male) |
| 6:56 | Create | Villager (Male) |
| 6:56 | Create | Villager (Male) |
| 7:23 | Create | Villager (Male) |
| 7:44 | Create | Villager (Male) |
| 7:44 | Create | Villager (Male) |
| 7:45 | Create | Villager (Male) |
| 7:52 | Build | House |
| 8:48 | Build | Lumber Camp |
| 9:06 | Create | Villager (Male) |
| 9:07 | Create | Villager (Male) |
| 9:58 | Create | Villager (Male) |
| 10:29 | Research | Feudal Age |
| 12:11 | Build | House |
| 12:39 | Age | Feudal Age |
| 12:42 | Create | Villager (Male) |
| 12:42 | Create | Villager (Male) |
| 13:03 | Build | Market |
| 13:11 | Build | Blacksmith |
| 14:41 | Build | Mining Camp |
| 14:44 | Research | Castle Age |
| 14:44 | Research | Castle Age |
| 16:31 | Research | Stone Mining |
| 17:24 | Age | Castle Age |
| 17:42 | Create | Villager (Male) |
| 17:42 | Create | Villager (Male) |
| 18:55 | Build | Castle |
| 19:13 | Build | House |
| 19:33 | Build | Mill |
| 20:23 | Build | Mining Camp |
| 21:47 | Create | Villager (Male) |
| 21:47 | Create | Villager (Male) |
| 22:30 | Research | Fletching |
| 23:25 | Create | Conquistador |
| 23:25 | Create | Conquistador |
| 23:25 | Create | Conquistador |
| 24:14 | Build | Mining Camp |
| 25:32 | Create | Conquistador |
| 25:32 | Create | Conquistador |
| 27:47 | Create | Conquistador |
| 27:47 | Create | Conquistador |
| 28:13 | Create | Conquistador |
Build order — 晚辞
First 150 of 282 actions detected
| 0:56 | Build | Town Center |
| 1:37 | Build | Dock |
| 1:40 | Build | House |
| 3:19 | Create | Villager (Male) |
| 3:19 | Create | Villager (Male) |
| 3:19 | Create | Villager (Male) |
| 3:19 | Create | Villager (Male) |
| 3:20 | Create | Fishing Ship |
| 3:21 | Create | Fishing Ship |
| 3:25 | Create | Villager (Male) |
| 3:25 | Create | Villager (Male) |
| 4:11 | Create | Fishing Ship |
| 4:31 | Create | Villager (Male) |
| 4:31 | Create | Villager (Male) |
| 4:56 | Build | House |
| 5:32 | Research | Loom |
| 5:42 | Create | Fishing Ship |
| 5:42 | Create | Fishing Ship |
| 6:03 | Create | Villager (Male) |
| 6:03 | Create | Villager (Male) |
| 6:13 | Create | Fishing Ship |
| 6:13 | Create | Fishing Ship |
| 6:20 | Build | House |
| 6:35 | Create | Villager (Male) |
| 6:35 | Create | Villager (Male) |
| 6:45 | Build | House |
| 7:12 | Create | Villager (Male) |
| 7:12 | Create | Villager (Male) |
| 7:16 | Create | Fishing Ship |
| 7:17 | Create | Fishing Ship |
| 7:26 | Create | Villager (Male) |
| 7:50 | Create | Villager (Male) |
| 7:50 | Create | Villager (Male) |
| 7:59 | Create | Villager (Male) |
| 7:59 | Create | Villager (Male) |
| 8:15 | Create | Villager (Male) |
| 8:16 | Create | Villager (Male) |
| 8:25 | Create | Fishing Ship |
| 8:37 | Build | House |
| 8:42 | Build | House |
| 8:48 | Create | Villager (Male) |
| 8:48 | Create | Villager (Male) |
| 8:49 | Create | Villager (Male) |
| 9:01 | Create | Villager (Male) |
| 9:21 | Create | Villager (Male) |
| 9:21 | Create | Villager (Male) |
| 9:23 | Create | Fishing Ship |
| 9:30 | Create | Villager (Male) |
| 9:41 | Create | Villager (Male) |
| 10:05 | Create | Villager (Male) |
| 10:05 | Create | Villager (Male) |
| 10:11 | Create | Fishing Ship |
| 10:12 | Create | Fishing Ship |
| 10:20 | Create | Villager (Male) |
| 10:20 | Create | Villager (Male) |
| 10:35 | Research | Loom |
| 10:36 | Research | Loom |
| 10:39 | Build | House |
| 10:44 | Build | House |
| 10:51 | Create | Villager (Male) |
| 10:51 | Create | Villager (Male) |
| 10:56 | Create | Villager (Male) |
| 11:06 | Build | Lumber Camp |
| 11:09 | Create | Fishing Ship |
| 11:09 | Create | Fishing Ship |
| 11:11 | Create | Villager (Male) |
| 11:11 | Create | Villager (Male) |
| 11:22 | Build | House |
| 11:23 | Create | Villager (Male) |
| 11:30 | Build | House |
| 11:33 | Build | Palisade Wall |
| 11:36 | Create | Villager (Male) |
| 11:38 | Create | Villager (Male) |
| 11:50 | Create | Villager (Male) |
| 11:50 | Create | Villager (Male) |
| 11:55 | Create | Villager (Male) |
| 11:58 | Create | Villager (Male) |
| 11:59 | Create | Villager (Male) |
| 12:02 | Create | Villager (Male) |
| 12:22 | Create | Villager (Male) |
| 12:22 | Create | Villager (Male) |
| 12:23 | Create | Villager (Male) |
| 12:30 | Create | Villager (Male) |
| 12:36 | Create | Fishing Ship |
| 12:38 | Create | Fishing Ship |
| 12:38 | Create | Fishing Ship |
| 12:47 | Create | Villager (Male) |
| 13:17 | Build | Mining Camp |
| 13:18 | Create | Villager (Male) |
| 13:19 | Create | Villager (Male) |
| 13:28 | Build | Barracks |
| 13:30 | Create | Villager (Male) |
| 13:39 | Research | Feudal Age |
| 13:46 | Build | Mill |
| 14:21 | Create | Fishing Ship |
| 15:07 | Build | House |
| 15:21 | Build | Dock |
| 15:27 | Create | Villager (Male) |
| 15:29 | Create | Villager (Male) |
| 15:49 | Build | House |
| 15:55 | Age | Feudal Age |
| 15:58 | Build | Stable |
| 16:01 | Build | Blacksmith |
| 16:14 | Build | House |
| 16:20 | Research | Double-Bit Axe |
| 16:20 | Research | Double-Bit Axe |
| 16:28 | Build | House |
| 16:53 | Research | Castle Age |
| 16:53 | Research | Castle Age |
| 16:57 | Build | Stable |
| 17:14 | Create | Villager (Male) |
| 17:20 | Create | Villager (Male) |
| 17:35 | Build | Lumber Camp |
| 17:39 | Create | Villager (Male) |
| 17:42 | Research | Tech 906 |
| 18:09 | Build | House |
| 18:22 | Create | Villager (Male) |
| 18:25 | Research | Scale Barding Armor |
| 18:27 | Research | Forging |
| 18:29 | Research | Bloodlines |
| 18:29 | Research | Bloodlines |
| 18:29 | Research | Bloodlines |
| 18:31 | Create | Villager (Male) |
| 18:36 | Build | Farm |
| 18:38 | Build | Farm |
| 18:40 | Research | Horse Collar |
| 18:44 | Build | Farm |
| 18:45 | Build | Farm |
| 18:46 | Build | Farm |
| 18:57 | Build | House |
| 18:59 | Build | Palisade Wall |
| 19:01 | Build | Palisade Wall |
| 19:04 | Create | Villager (Male) |
| 19:19 | Age | Castle Age |
| 19:20 | Create | Knight |
| 19:21 | Create | Knight |
| 19:25 | Create | Villager (Male) |
| 19:36 | Build | Siege Workshop |
| 19:40 | Create | Villager (Male) |
| 19:42 | Create | Knight |
| 19:47 | Create | Villager (Male) |
| 19:49 | Create | Villager (Male) |
| 20:00 | Build | House |
| 20:05 | Create | Villager (Male) |
| 20:07 | Create | Knight |
| 20:07 | Create | Knight |
| 20:38 | Create | Knight |
| 20:38 | Create | Knight |
| 20:39 | Create | Villager (Male) |
| 20:56 | Build | House |
Build order — Darth Yoda
131 actions detected in the replay
| 0:49 | Build | Town Center |
| 1:26 | Build | Dock |
| 3:04 | Research | Loom |
| 3:33 | Create | Villager (Male) |
| 3:58 | Create | Villager (Male) |
| 4:45 | Create | Villager (Male) |
| 4:45 | Create | Villager (Male) |
| 5:07 | Create | Villager (Male) |
| 5:07 | Create | Villager (Male) |
| 5:35 | Create | Villager (Male) |
| 5:35 | Create | Villager (Male) |
| 5:36 | Create | Fishing Ship |
| 5:59 | Create | Villager (Male) |
| 6:10 | Create | Villager (Male) |
| 6:17 | Build | House |
| 6:44 | Create | Fishing Ship |
| 6:51 | Create | Villager (Male) |
| 6:52 | Create | Villager (Male) |
| 6:52 | Create | Villager (Male) |
| 6:58 | Build | House |
| 7:30 | Create | Fishing Ship |
| 7:30 | Create | Fishing Ship |
| 7:36 | Create | Villager (Male) |
| 7:36 | Create | Villager (Male) |
| 7:52 | Create | Villager (Male) |
| 7:54 | Create | Fishing Ship |
| 8:14 | Create | Villager (Male) |
| 8:24 | Build | House |
| 8:38 | Create | Villager (Male) |
| 8:42 | Create | Villager (Male) |
| 8:44 | Create | Fishing Ship |
| 9:01 | Build | Mill |
| 9:06 | Create | Villager (Male) |
| 9:06 | Create | Villager (Male) |
| 9:15 | Create | Fishing Ship |
| 9:32 | Create | Villager (Male) |
| 9:32 | Create | Villager (Male) |
| 9:33 | Create | Villager (Male) |
| 9:34 | Create | Fishing Ship |
| 9:34 | Create | Fishing Ship |
| 9:43 | Build | House |
| 10:18 | Build | House |
| 10:21 | Create | Fishing Ship |
| 10:50 | Build | Farm |
| 10:52 | Create | Fishing Ship |
| 10:59 | Create | Villager (Male) |
| 11:04 | Create | Villager (Male) |
| 11:13 | Build | Mining Camp |
| 11:19 | Create | Villager (Male) |
| 11:33 | Create | Villager (Male) |
| 11:37 | Build | Mining Camp |
| 11:58 | Create | Fishing Ship |
| 12:27 | Build | Farm |
| 12:41 | Build | House |
| 12:54 | Build | Farm |
| 12:57 | Research | Feudal Age |
| 13:13 | Build | Farm |
| 13:17 | Build | Farm |
| 13:44 | Create | Villager (Male) |
| 13:55 | Build | Farm |
| 14:50 | Create | Villager (Male) |
| 15:07 | Age | Feudal Age |
| 15:10 | Build | Market |
| 15:12 | Build | Blacksmith |
| 15:59 | Research | Castle Age |
| 16:03 | Build | Lumber Camp |
| 16:20 | Build | Farm |
| 16:23 | Research | Horse Collar |
| 16:43 | Research | Double-Bit Axe |
| 17:20 | Build | House |
| 17:49 | Research | Gold Mining |
| 17:51 | Research | Fletching |
| 18:08 | Create | Unit 2626 |
| 18:14 | Create | Villager (Male) |
| 18:39 | Age | Castle Age |
| 18:51 | Build | Castle |
| 19:08 | Research | Bow Saw |
| 19:09 | Create | Villager (Male) |
| 19:13 | Create | Villager (Male) |
| 19:39 | Research | Bodkin Arrow |
| 19:40 | Create | Villager (Male) |
| 19:41 | Create | Chu Ko Nu |
| 19:51 | Build | Mining Camp |
| 20:04 | Create | Villager (Male) |
| 20:11 | Create | Chu Ko Nu |
| 20:11 | Create | Chu Ko Nu |
| 20:12 | Create | Chu Ko Nu |
| 20:27 | Create | Villager (Male) |
| 20:37 | Create | Chu Ko Nu |
| 20:39 | Create | Villager (Male) |
| 21:08 | Create | Villager (Male) |
| 21:19 | Create | Villager (Male) |
| 21:31 | Build | Town Center |
| 21:34 | Create | Villager (Male) |
| 21:41 | Create | Chu Ko Nu |
| 21:41 | Create | Chu Ko Nu |
| 21:41 | Create | Chu Ko Nu |
| 21:44 | Create | Villager (Male) |
| 21:59 | Build | Farm |
| 22:21 | Build | House |
| 22:22 | Build | House |
| 22:33 | Create | Villager (Male) |
| 22:35 | Create | Villager (Male) |
| 22:35 | Create | Villager (Male) |
| 22:35 | Create | Villager (Male) |
| 22:35 | Create | Villager (Male) |
| 22:46 | Build | Farm |
| 22:47 | Build | Farm |
| 22:49 | Build | Farm |
| 22:57 | Create | Villager (Male) |
| 23:06 | Build | Farm |
| 23:19 | Create | Chu Ko Nu |
| 23:19 | Create | Chu Ko Nu |
| 23:21 | Create | Villager (Male) |
| 23:21 | Create | Villager (Male) |
| 23:24 | Create | Villager (Male) |
| 23:26 | Build | House |
| 23:45 | Create | Villager (Male) |
| 23:55 | Build | Palisade Wall |
| 24:01 | Create | Villager (Male) |
| 24:12 | Create | Villager (Male) |
| 24:15 | Create | Chu Ko Nu |
| 24:24 | Create | Chu Ko Nu |
| 24:25 | Create | Villager (Male) |
| 24:29 | Build | Mill |
| 24:31 | Create | Villager (Male) |
| 24:50 | Create | Villager (Male) |
| 24:53 | Create | Villager (Male) |
| 25:03 | Create | Chu Ko Nu |
| 25:03 | Create | Villager (Male) |
| 25:04 | Create | Villager (Male) |
Build order — 雀巢阿帆
First 150 of 157 actions detected
| 0:27 | Build | Town Center |
| 1:06 | Build | House |
| 1:09 | Build | Dock |
| 3:17 | Create | Villager (Male) |
| 3:17 | Create | Villager (Male) |
| 3:17 | Create | Villager (Male) |
| 3:18 | Create | Villager (Male) |
| 4:18 | Create | Villager (Male) |
| 4:18 | Create | Villager (Male) |
| 4:59 | Create | Fishing Ship |
| 5:19 | Create | Villager (Male) |
| 5:19 | Create | Villager (Male) |
| 5:36 | Build | House |
| 5:40 | Research | Loom |
| 6:06 | Create | Villager (Male) |
| 6:07 | Create | Villager (Male) |
| 6:21 | Create | Fishing Ship |
| 6:34 | Create | Villager (Male) |
| 6:34 | Create | Villager (Male) |
| 6:38 | Create | Villager (Male) |
| 6:39 | Create | Villager (Male) |
| 7:00 | Create | Fishing Ship |
| 7:02 | Create | Villager (Male) |
| 7:02 | Create | Villager (Male) |
| 7:27 | Build | House |
| 7:29 | Create | Villager (Male) |
| 7:34 | Create | Villager (Male) |
| 7:37 | Create | Villager (Male) |
| 7:38 | Create | Villager (Male) |
| 7:47 | Create | Villager (Male) |
| 7:47 | Create | Villager (Male) |
| 7:54 | Build | House |
| 8:32 | Create | Villager (Male) |
| 8:32 | Create | Villager (Male) |
| 8:33 | Create | Villager (Male) |
| 8:33 | Create | Villager (Male) |
| 8:35 | Create | Fishing Ship |
| 8:59 | Create | Villager (Male) |
| 9:18 | Build | Mining Camp |
| 9:25 | Create | Fishing Ship |
| 10:12 | Create | Villager (Male) |
| 10:16 | Create | Fishing Ship |
| 11:08 | Research | Feudal Age |
| 11:24 | Build | Mill |
| 12:06 | Create | Villager (Male) |
| 12:06 | Create | Villager (Male) |
| 12:11 | Build | Barracks |
| 12:30 | Build | House |
| 12:41 | Create | Villager (Male) |
| 12:53 | Build | House |
| 13:18 | Age | Feudal Age |
| 13:21 | Build | Archery Range |
| 13:25 | Build | House |
| 13:45 | Create | Villager (Male) |
| 13:45 | Create | Villager (Male) |
| 13:52 | Build | Lumber Camp |
| 14:03 | Create | Archer |
| 14:03 | Create | Archer |
| 14:10 | Research | Double-Bit Axe |
| 14:19 | Create | Archer |
| 14:27 | Create | Villager (Male) |
| 14:33 | Research | Horse Collar |
| 14:38 | Create | Villager (Male) |
| 14:41 | Create | Archer |
| 14:47 | Build | House |
| 15:07 | Create | Archer |
| 15:15 | Build | Mining Camp |
| 15:39 | Create | Archer |
| 15:57 | Build | Watch Tower |
| 16:09 | Create | Archer |
| 16:23 | Create | Villager (Male) |
| 16:23 | Create | Villager (Male) |
| 16:33 | Create | Villager (Male) |
| 16:46 | Create | Villager (Male) |
| 16:52 | Build | House |
| 17:05 | Build | Blacksmith |
| 17:13 | Build | Palisade Wall |
| 17:14 | Create | Archer |
| 17:46 | Build | Watch Tower |
| 17:48 | Create | Archer |
| 17:48 | Create | Archer |
| 17:56 | Create | Villager (Male) |
| 18:03 | Build | House |
| 18:19 | Create | Archer |
| 18:19 | Create | Archer |
| 18:21 | Create | Villager (Male) |
| 18:55 | Research | Fletching |
| 19:03 | Create | Villager (Male) |
| 19:12 | Build | Watch Tower |
| 19:31 | Create | Villager (Male) |
| 19:41 | Create | Villager (Male) |
| 19:49 | Research | Padded Archer Armor |
| 19:52 | Create | Villager (Male) |
| 19:55 | Build | Farm |
| 20:44 | Create | Archer |
| 20:44 | Create | Archer |
| 20:59 | Build | House |
| 21:07 | Create | Villager (Male) |
| 21:12 | Build | House |
| 21:13 | Build | House |
| 21:26 | Create | Villager (Male) |
| 21:34 | Build | Market |
| 21:49 | Create | Archer |
| 21:49 | Create | Archer |
| 21:50 | Create | Archer |
| 22:22 | Build | Farm |
| 22:57 | Create | Villager (Male) |
| 23:01 | Research | Castle Age |
| 23:06 | Create | Archer |
| 23:06 | Create | Archer |
| 23:06 | Create | Archer |
| 23:10 | Build | Farm |
| 23:20 | Create | Archer |
| 23:20 | Create | Archer |
| 23:36 | Build | Farm |
| 23:36 | Build | Farm |
| 23:36 | Build | Farm |
| 23:37 | Build | Farm |
| 23:53 | Build | House |
| 24:26 | Build | Lumber Camp |
| 24:41 | Build | Dock |
| 24:57 | Build | Archery Range |
| 25:07 | Create | Archer |
| 25:07 | Create | Archer |
| 25:08 | Create | Villager (Male) |
| 25:13 | Research | Gold Mining |
| 25:41 | Age | Castle Age |
| 25:45 | Research | Crossbowman (upgrade) |
| 25:55 | Build | Castle |
| 26:00 | Create | Archer |
| 26:00 | Create | Archer |
| 26:09 | Research | Bodkin Arrow |
| 26:35 | Build | Siege Workshop |
| 27:22 | Research | Leather Archer Armor |
| 27:25 | Create | Mangonel |
| 27:53 | Build | Lumber Camp |
| 28:18 | Create | Villager (Male) |
| 28:29 | Research | Town Watch |
| 28:37 | Create | Villager (Male) |
| 28:56 | Create | Villager (Male) |
| 29:00 | Create | Archer |
| 29:01 | Create | Archer |
| 29:26 | Create | Mangonel |
| 29:51 | Create | Archer |
| 30:04 | Create | Villager (Male) |
| 30:17 | Create | Archer |
| 30:17 | Create | Archer |
| 30:17 | Create | Archer |
| 30:22 | Research | Squires |
| 30:32 | Create | Archer |
Build order — inPast
116 actions detected in the replay
| 0:19 | Build | Dock |
| 0:23 | Build | House |
| 1:23 | Build | Town Center |
| 2:17 | Build | House |
| 2:32 | Build | House |
| 2:45 | Build | House |
| 3:05 | Build | House |
| 3:23 | Build | House |
| 3:37 | Build | House |
| 3:50 | Build | House |
| 3:56 | Create | Villager (Male) |
| 3:56 | Create | Villager (Male) |
| 4:12 | Create | Villager (Male) |
| 4:19 | Create | Villager (Male) |
| 4:31 | Create | Villager (Male) |
| 5:08 | Create | Fishing Ship |
| 5:33 | Create | Villager (Male) |
| 5:45 | Build | House |
| 6:21 | Create | Fishing Ship |
| 6:28 | Create | Villager (Male) |
| 6:48 | Build | House |
| 7:01 | Create | Villager (Male) |
| 7:11 | Research | Loom |
| 7:30 | Build | House |
| 7:34 | Build | House |
| 7:59 | Create | Villager (Male) |
| 8:00 | Create | Villager (Male) |
| 8:11 | Build | House |
| 8:18 | Build | House |
| 8:18 | Create | Fishing Ship |
| 8:25 | Create | Villager (Male) |
| 8:25 | Create | Villager (Male) |
| 8:34 | Build | House |
| 8:45 | Create | Villager (Male) |
| 8:48 | Build | Palisade Wall |
| 9:05 | Build | Palisade Wall |
| 9:06 | Build | Palisade Wall |
| 9:07 | Build | Palisade Wall |
| 9:11 | Build | Palisade Wall |
| 9:13 | Create | Villager (Male) |
| 9:34 | Create | Fishing Ship |
| 9:35 | Create | Villager (Male) |
| 9:42 | Build | Palisade Wall |
| 9:46 | Build | Palisade Wall |
| 9:47 | Build | Palisade Wall |
| 9:48 | Build | Palisade Wall |
| 9:50 | Create | Villager (Male) |
| 9:58 | Create | Villager (Male) |
| 10:05 | Build | Palisade Wall |
| 10:15 | Create | Villager (Male) |
| 10:27 | Create | Fishing Ship |
| 10:55 | Build | Mill |
| 11:04 | Create | Villager (Male) |
| 11:13 | Create | Villager (Male) |
| 11:18 | Build | House |
| 11:25 | Create | Villager (Male) |
| 11:27 | Create | Fishing Ship |
| 12:08 | Build | Palisade Wall |
| 12:12 | Create | Villager (Male) |
| 12:14 | Create | Fishing Ship |
| 12:23 | Build | House |
| 12:31 | Create | Fishing Ship |
| 13:10 | Build | Palisade Wall |
| 13:15 | Research | Feudal Age |
| 13:24 | Build | Mining Camp |
| 13:36 | Build | Palisade Wall |
| 13:36 | Build | Palisade Wall |
| 14:03 | Build | Palisade Wall |
| 14:04 | Build | Palisade Wall |
| 14:14 | Build | Lumber Camp |
| 14:38 | Build | House |
| 14:52 | Build | Dock |
| 15:03 | Create | Villager (Male) |
| 15:04 | Create | Villager (Male) |
| 15:09 | Build | Palisade Wall |
| 15:16 | Build | Palisade Wall |
| 15:21 | Create | Villager (Male) |
| 15:35 | Age | Feudal Age |
| 15:38 | Create | Unit 2626 |
| 15:39 | Create | Unit 2626 |
| 15:40 | Create | Villager (Male) |
| 15:43 | Research | Double-Bit Axe |
| 15:58 | Build | House |
| 16:07 | Build | House |
| 16:24 | Create | Villager (Male) |
| 16:53 | Create | Fire Galley |
| 16:53 | Create | Fire Galley |
| 16:55 | Create | Villager (Male) |
| 17:08 | Build | Palisade Wall |
| 17:20 | Build | Farm |
| 17:22 | Create | Villager (Male) |
| 17:25 | Create | Fishing Ship |
| 17:51 | Create | Fishing Ship |
| 17:57 | Create | Villager (Male) |
| 18:00 | Build | House |
| 18:34 | Build | Blacksmith |
| 19:00 | Create | Villager (Male) |
| 19:00 | Create | Villager (Male) |
| 19:12 | Build | Market |
| 19:26 | Build | House |
| 19:27 | Build | House |
| 19:35 | Build | Lumber Camp |
| 19:50 | Create | Fishing Ship |
| 20:05 | Research | Castle Age |
| 20:27 | Research | Fletching |
| 20:31 | Build | Mining Camp |
| 20:37 | Build | Palisade Wall |
| 20:40 | Build | House |
| 20:42 | Build | Palisade Wall |
| 21:29 | Research | Stone Mining |
| 22:07 | Build | Gate |
| 22:10 | Build | House |
| 22:12 | Build | House |
| 22:45 | Age | Castle Age |
| 22:55 | Build | Barracks |
| 23:11 | Create | Villager (Male) |
Build order — shenxu
First 150 of 203 actions detected
| 0:08 | Build | Town Center |
| 1:01 | Build | Dock |
| 1:04 | Build | House |
| 2:32 | Create | Villager (Male) |
| 2:32 | Create | Villager (Male) |
| 2:33 | Create | Villager (Male) |
| 2:33 | Create | Villager (Male) |
| 2:33 | Create | Villager (Male) |
| 3:45 | Create | Fishing Ship |
| 4:03 | Create | Villager (Male) |
| 4:04 | Create | Villager (Male) |
| 4:25 | Build | House |
| 4:33 | Build | House |
| 4:37 | Create | Villager (Male) |
| 4:37 | Create | Villager (Male) |
| 5:11 | Create | Villager (Male) |
| 5:12 | Create | Villager (Male) |
| 5:34 | Create | Villager (Male) |
| 5:40 | Create | Fishing Ship |
| 5:59 | Create | Villager (Male) |
| 6:13 | Build | House |
| 6:17 | Build | Palisade Wall |
| 6:18 | Build | Palisade Wall |
| 6:21 | Create | Villager (Male) |
| 6:22 | Create | Villager (Male) |
| 6:45 | Create | Villager (Male) |
| 6:46 | Create | Fishing Ship |
| 7:09 | Create | Villager (Male) |
| 7:12 | Build | House |
| 7:32 | Create | Fishing Ship |
| 7:46 | Build | Palisade Wall |
| 7:50 | Create | Villager (Male) |
| 7:53 | Create | Villager (Male) |
| 7:54 | Create | Villager (Male) |
| 8:04 | Create | Villager (Male) |
| 8:05 | Create | Fishing Ship |
| 8:24 | Build | Palisade Wall |
| 8:32 | Create | Villager (Male) |
| 8:49 | Create | Fishing Ship |
| 8:55 | Create | Villager (Male) |
| 9:06 | Create | Villager (Male) |
| 9:24 | Create | Villager (Male) |
| 9:25 | Create | Fishing Ship |
| 9:33 | Build | House |
| 9:43 | Build | House |
| 9:45 | Research | Loom |
| 9:55 | Build | House |
| 10:06 | Build | House |
| 10:13 | Create | Villager (Male) |
| 10:16 | Build | House |
| 10:34 | Create | Villager (Male) |
| 10:44 | Build | Mill |
| 10:50 | Create | Fishing Ship |
| 11:04 | Create | Villager (Male) |
| 11:17 | Build | Mining Camp |
| 11:30 | Research | Feudal Age |
| 11:31 | Research | Feudal Age |
| 13:13 | Build | Mining Camp |
| 13:31 | Create | Villager (Male) |
| 13:32 | Create | Villager (Male) |
| 13:45 | Age | Feudal Age |
| 13:48 | Build | Market |
| 13:50 | Build | Blacksmith |
| 14:39 | Research | Castle Age |
| 15:16 | Build | Dock |
| 15:39 | Build | Lumber Camp |
| 15:50 | Build | House |
| 16:02 | Research | Double-Bit Axe |
| 16:04 | Research | Fletching |
| 16:46 | Research | Tech 906 |
| 16:47 | Create | Fishing Ship |
| 16:53 | Create | Fishing Ship |
| 17:14 | Create | Villager (Male) |
| 17:19 | Age | Castle Age |
| 17:22 | Build | Castle |
| 17:26 | Research | Bodkin Arrow |
| 17:29 | Research | Bow Saw |
| 17:32 | Create | Villager (Male) |
| 18:01 | Create | Fishing Ship |
| 18:01 | Create | Villager (Male) |
| 18:29 | Create | Villager (Male) |
| 18:40 | Create | Rattan Archer |
| 18:44 | Create | Villager (Male) |
| 18:56 | Build | Dock |
| 18:57 | Create | Villager (Male) |
| 19:04 | Build | Stone Wall |
| 19:11 | Build | Stone Wall |
| 19:12 | Build | Stone Wall |
| 19:44 | Create | Villager (Male) |
| 19:50 | Create | Rattan Archer |
| 19:54 | Create | Rattan Archer |
| 20:08 | Create | Villager (Male) |
| 20:34 | Create | Rattan Archer |
| 20:36 | Research | Bodkin Arrow |
| 20:37 | Create | Villager (Male) |
| 20:54 | Create | Villager (Male) |
| 21:00 | Create | Rattan Archer |
| 21:11 | Create | Rattan Archer |
| 21:24 | Create | Rattan Archer |
| 21:26 | Create | Villager (Male) |
| 21:26 | Create | Villager (Male) |
| 21:50 | Create | Rattan Archer |
| 21:59 | Create | Villager (Male) |
| 22:08 | Create | Rattan Archer |
| 22:26 | Create | Rattan Archer |
| 22:26 | Create | Rattan Archer |
| 22:28 | Create | Villager (Male) |
| 23:01 | Create | Rattan Archer |
| 23:15 | Create | Villager (Male) |
| 23:16 | Create | Villager (Male) |
| 23:20 | Create | Rattan Archer |
| 24:21 | Research | Imperial Age |
| 24:35 | Create | Villager (Male) |
| 24:39 | Build | Town Center |
| 24:50 | Build | House |
| 24:51 | Build | House |
| 24:55 | Research | Gold Mining |
| 24:56 | Research | Stone Mining |
| 24:56 | Research | Stone Mining |
| 25:05 | Create | Rattan Archer |
| 25:43 | Create | Rattan Archer |
| 25:45 | Create | Villager (Male) |
| 25:52 | Build | Town Center |
| 25:53 | Create | Villager (Male) |
| 25:53 | Create | Villager (Male) |
| 26:02 | Create | Villager (Male) |
| 26:22 | Create | Villager (Male) |
| 26:27 | Create | Rattan Archer |
| 26:27 | Create | Rattan Archer |
| 26:28 | Create | Rattan Archer |
| 26:28 | Create | Rattan Archer |
| 26:28 | Create | Rattan Archer |
| 26:29 | Create | Rattan Archer |
| 26:40 | Create | Villager (Male) |
| 26:43 | Create | Villager (Male) |
| 27:06 | Create | Villager (Male) |
| 27:18 | Build | House |
| 27:18 | Build | House |
| 27:29 | Research | Padded Archer Armor |
| 27:30 | Create | Villager (Male) |
| 27:31 | Build | University |
| 27:35 | Create | Villager (Male) |
| 27:39 | Age | Imperial Age |
| 27:44 | Create | Villager (Male) |
| 27:50 | Research | Bracer |
| 27:54 | Create | Villager (Male) |
| 28:16 | Create | Rattan Archer |
| 28:22 | Create | Villager (Male) |
| 28:25 | Create | Villager (Male) |
| 28:28 | Build | Farm |
Build order — Dampflok
First 150 of 178 actions detected
| 0:21 | Build | Town Center |
| 0:59 | Build | Dock |
| 2:12 | Build | House |
| 2:38 | Create | Villager (Male) |
| 2:38 | Create | Villager (Male) |
| 2:38 | Create | Villager (Male) |
| 3:06 | Create | Villager (Male) |
| 3:47 | Create | Fishing Ship |
| 3:55 | Create | Villager (Male) |
| 4:16 | Build | House |
| 4:44 | Research | Loom |
| 5:07 | Create | Villager (Male) |
| 5:07 | Create | Villager (Male) |
| 5:14 | Create | Fishing Ship |
| 5:29 | Create | Villager (Male) |
| 5:53 | Create | Villager (Male) |
| 5:53 | Create | Villager (Male) |
| 5:53 | Create | Villager (Male) |
| 6:03 | Build | House |
| 6:42 | Create | Villager (Male) |
| 6:51 | Create | Fishing Ship |
| 7:06 | Create | Villager (Male) |
| 7:17 | Create | Villager (Male) |
| 7:46 | Build | House |
| 7:54 | Create | Villager (Male) |
| 7:55 | Build | House |
| 8:04 | Build | Mill |
| 8:22 | Create | Villager (Male) |
| 8:53 | Create | Villager (Male) |
| 9:04 | Build | Mining Camp |
| 9:10 | Create | Villager (Male) |
| 9:19 | Create | Fishing Ship |
| 9:28 | Create | Villager (Male) |
| 9:31 | Build | Palisade Wall |
| 9:40 | Create | Villager (Male) |
| 10:14 | Build | House |
| 10:24 | Research | Feudal Age |
| 10:24 | Research | Feudal Age |
| 10:59 | Build | Barracks |
| 11:35 | Create | Villager (Male) |
| 12:06 | Build | House |
| 12:32 | Create | Villager (Male) |
| 12:34 | Age | Feudal Age |
| 12:37 | Build | Watch Tower |
| 12:44 | Build | Archery Range |
| 12:47 | Create | Villager (Male) |
| 13:41 | Build | Blacksmith |
| 13:42 | Create | Archer |
| 13:42 | Create | Archer |
| 13:48 | Create | Villager (Male) |
| 13:59 | Create | Villager (Male) |
| 14:03 | Create | Archer |
| 14:03 | Create | Archer |
| 14:26 | Build | Palisade Gate |
| 14:29 | Research | Fletching |
| 14:32 | Create | Archer |
| 14:34 | Create | Villager (Male) |
| 14:49 | Build | House |
| 14:56 | Build | Lumber Camp |
| 14:58 | Create | Villager (Male) |
| 15:03 | Create | Archer |
| 15:09 | Build | House |
| 15:28 | Create | Villager (Male) |
| 15:33 | Create | Archer |
| 15:37 | Research | Double-Bit Axe |
| 15:44 | Build | Mill |
| 15:59 | Create | Archer |
| 16:07 | Build | Archery Range |
| 16:21 | Build | House |
| 16:24 | Create | Archer |
| 16:52 | Build | Lumber Camp |
| 16:59 | Build | House |
| 17:26 | Build | Farm |
| 17:27 | Create | Villager (Male) |
| 17:29 | Create | Villager (Male) |
| 17:43 | Build | Mill |
| 17:56 | Create | Villager (Male) |
| 18:31 | Create | Archer |
| 18:42 | Create | Archer |
| 18:42 | Create | Archer |
| 18:45 | Create | Villager (Male) |
| 18:45 | Create | Villager (Male) |
| 18:53 | Build | Market |
| 19:17 | Create | Archer |
| 19:19 | Create | Villager (Male) |
| 19:38 | Create | Archer |
| 19:38 | Create | Archer |
| 19:47 | Create | Villager (Male) |
| 20:04 | Build | House |
| 20:08 | Create | Fishing Ship |
| 20:08 | Create | Fishing Ship |
| 20:20 | Create | Archer |
| 20:23 | Create | Villager (Male) |
| 20:46 | Create | Archer |
| 20:46 | Create | Archer |
| 21:04 | Research | Castle Age |
| 21:04 | Research | Castle Age |
| 21:11 | Build | House |
| 21:32 | Research | Tech 906 |
| 21:42 | Create | Archer |
| 21:42 | Create | Archer |
| 21:46 | Research | Gold Mining |
| 21:50 | Create | Archer |
| 21:51 | Create | Archer |
| 22:16 | Create | Archer |
| 22:48 | Create | Archer |
| 22:49 | Create | Archer |
| 22:50 | Create | Villager (Male) |
| 23:02 | Create | Archer |
| 23:02 | Create | Archer |
| 23:06 | Build | House |
| 23:12 | Create | Archer |
| 23:12 | Create | Archer |
| 23:44 | Age | Castle Age |
| 23:47 | Research | Bodkin Arrow |
| 23:51 | Build | Siege Workshop |
| 23:52 | Create | Villager (Male) |
| 24:08 | Research | Crossbowman (upgrade) |
| 24:33 | Create | Mangonel |
| 24:59 | Research | Padded Archer Armor |
| 25:12 | Create | Villager (Male) |
| 25:12 | Create | Villager (Male) |
| 25:14 | Create | Mangonel |
| 25:28 | Build | Town Center |
| 25:29 | Create | Villager (Male) |
| 25:29 | Create | Villager (Male) |
| 25:45 | Create | Archer ×4 |
| 26:17 | Create | Archer |
| 26:17 | Create | Archer |
| 26:32 | Build | House |
| 26:36 | Create | Mangonel |
| 27:15 | Create | Archer |
| 27:15 | Create | Archer |
| 27:16 | Create | Archer |
| 27:24 | Create | Villager (Male) |
| 27:24 | Create | Villager (Male) |
| 27:49 | Build | University |
| 27:49 | Create | Villager (Male) |
| 27:49 | Create | Villager (Male) |
| 27:58 | Research | Horse Collar |
| 27:59 | Build | Farm |
| 27:59 | Build | Farm |
| 27:59 | Build | Farm |
| 28:00 | Build | Farm |
| 28:00 | Build | Farm |
| 28:00 | Build | Farm |
| 28:00 | Build | Farm |
| 28:02 | Create | Villager (Male) |
| 28:02 | Create | Villager (Male) |
| 28:20 | Create | Archer |
Match timeline
| 0:19 | inPast · first_building Dock |
| 0:59 | Dampflok · first_building Dock |
| 1:01 | shenxu · first_building Dock |
| 1:08 | nono · first_building Dock |
| 1:09 | 雀巢阿帆 · first_building Dock |
| 1:26 | Darth Yoda · first_building Dock |
| 1:37 | 晚辞 · first_building Dock |
| 6:17 | shenxu · wall_segment Palisade Wall x1 |
| 6:18 | shenxu · wall_segment Palisade Wall x1 |
| 7:23 | nono · wall_segment Palisade Wall x3 |
| 7:46 | shenxu · wall_segment Palisade Wall x4 |
| 8:24 | shenxu · wall_segment Palisade Wall x3 |
| 8:48 | inPast · wall_segment Palisade Wall x4 |
| 9:05 | inPast · wall_segment Palisade Wall x1 |
| 9:06 | inPast · wall_segment Palisade Wall x1 |
| 9:07 | inPast · wall_segment Palisade Wall x1 |
| 9:11 | inPast · wall_segment Palisade Wall x1 |
| 9:31 | Dampflok · wall_segment Palisade Wall x1 |
| 9:42 | inPast · wall_segment Palisade Wall x3 |
| 9:46 | inPast · wall_segment Palisade Wall x1 |
| 9:47 | inPast · wall_segment Palisade Wall x1 |
| 9:48 | inPast · wall_segment Palisade Wall x1 |
| 10:05 | inPast · wall_segment Palisade Wall x4 |
| 10:59 | Dampflok · first_building Barracks |
| 11:33 | 晚辞 · wall_segment Palisade Wall x7 |
| 12:08 | inPast · wall_segment Palisade Wall x4 |
| 12:11 | 雀巢阿帆 · first_building Barracks |
| 12:34 | Dampflok · age_up feudal |
| 12:39 | time0wner · age_up feudal |
| 12:44 | Dampflok · first_building Archery Range |
| 13:10 | inPast · wall_segment Palisade Wall x1 |
| 13:18 | 雀巢阿帆 · age_up feudal |
| 13:21 | 雀巢阿帆 · first_building Archery Range |
| 13:28 | 晚辞 · first_building Barracks |
| 13:31 | nono · age_up feudal |
| 13:36 | inPast · wall_segment Palisade Wall x1 |
| 13:36 | inPast · wall_segment Palisade Wall x1 |
| 13:40 | time0wner · first_market_sell 100 stone |
| 13:45 | shenxu · age_up feudal |
| 13:53 | nono · wall_segment Stone Wall x1 |
| 14:03 | inPast · wall_segment Palisade Wall x2 |
| 14:04 | inPast · wall_segment Palisade Wall x1 |
| 15:07 | Darth Yoda · age_up feudal |
| 15:09 | inPast · wall_segment Palisade Wall x7 |
| 15:16 | inPast · wall_segment Palisade Wall x7 |
| 15:35 | inPast · age_up feudal |
| 15:42 | nono · first_building Barracks |
| 15:55 | 晚辞 · age_up feudal |
| 15:58 | 晚辞 · first_building Stable |
| 16:21 | nono · wall_segment Stone Wall x11 |
| 16:48 | nono · first_market_buy 100 stone |
| 17:02 | nono · age_up castle |
| 17:05 | nono · first_building Castle |
| 17:08 | inPast · wall_segment Palisade Wall x5 |
| 17:13 | 雀巢阿帆 · wall_segment Palisade Wall x1 |
| 17:19 | shenxu · age_up castle |
| 17:22 | shenxu · first_building Castle |
| 17:24 | time0wner · age_up castle |
| 17:57 | nono · first_market_sell 100 food |
| 18:39 | Darth Yoda · age_up castle |
| 18:48 | Darth Yoda · first_market_buy 100 stone |
| 18:51 | Darth Yoda · first_building Castle |
| 18:55 | time0wner · first_building Castle |
| 18:59 | 晚辞 · wall_segment Palisade Wall x3 |
| 19:01 | 晚辞 · wall_segment Palisade Wall x6 |
| 19:04 | shenxu · wall_segment Stone Wall x6 |
| 19:11 | shenxu · wall_segment Stone Wall x4 |
| 19:12 | shenxu · wall_segment Stone Wall x1 |
| 19:19 | 晚辞 · age_up castle |
| 19:36 | 晚辞 · first_building Siege Workshop |
| 20:05 | inPast · first_market_sell 100 food |
| 20:09 | Darth Yoda · first_market_sell 100 food |
| 20:37 | inPast · wall_segment Palisade Wall x1 |
| 20:42 | inPast · wall_segment Palisade Wall x1 |
| 20:52 | Dampflok · first_market_sell 100 wood |
| 22:10 | 雀巢阿帆 · first_market_sell 100 wood |
| 22:14 | 雀巢阿帆 · first_market_buy 100 food |
| 22:45 | inPast · age_up castle |
| 22:48 | nono · first_building Stable |
| 22:52 | 晚辞 · wall_segment Palisade Wall x5 |
| 22:55 | inPast · first_building Barracks |
| 22:58 | nono · first_building Siege Workshop |
| 23:44 | Dampflok · age_up castle |
| 23:51 | Dampflok · first_building Siege Workshop |
| 23:55 | Darth Yoda · wall_segment Palisade Wall x1 |
| 24:20 | shenxu · first_market_sell 100 wood |
| 25:24 | Dampflok · first_market_buy 100 stone |
| 25:33 | Darth Yoda · resign |
| 25:41 | 雀巢阿帆 · age_up castle |
| 25:55 | 雀巢阿帆 · first_building Castle |
| 26:35 | 雀巢阿帆 · first_building Siege Workshop |
| 27:01 | 晚辞 · wall_segment Stone Wall x3 |
| 27:39 | shenxu · age_up imperial |
| 27:44 | time0wner · first_market_buy 100 food |
| 29:45 | shenxu · first_market_buy 100 wood |
[ AI ANALYSIS · 1 CREDIT ]
What really happened in this match?
Wolo.gg analyzes every decision: build order, eco, micro, common mistakes by bracket. Personalized analysis on WhatsApp or Discord in 30 seconds.
Civ guide
Berbers
Perfil
Jugador #23768591